 Dungeon Crawl Stone Soup version 0.27-a0-1189-gb8eb6cee8e (webtiles) character file.

Game seed: 4898125375561172971

105 polve the Cudgeller (level 4, 0/28 HPs)
             Began as a Gargoyle Fighter on May 22, 2021.
             Slain by Robin
             ... wielding a +2 short sword of electrocution
              (1 damage)
             ... on level 2 of the Dungeon.
             The game lasted 00:01:31 (1720 turns).

polve the Cudgeller (Gargoyle Fighter)              Turns: 1720, Time: 00:01:31

Health: 0/28       AC: 10    Str: 21    XL:     4   Next: 81%
Magic:  4/4        EV:  7    Int:  8    God:
Gold:   78         SH:  9    Dex:  9    Spells: 3/3 levels left

rFire    . . .     SeeInvis .   a - +0 flail
rCold    . . .     Faith    .   c - +0 kite shield
rNeg     + . .     Spirit   .   b - +0 scale mail
rPois    ∞         Reflect  .   (no helmet)
rElec    +         Harm     .   (no cloak)
rCorr    .         Rampage  .   (no gloves)
Will     .....                  (no boots)
Stlth    ..........             (no amulet)
HPRegen  0.09/turn              (no ring)
MPRegen  0.09/turn              (no ring)

@: mighty
A: sickness immunity, AC +3, negative energy resistance 1, electricity
resistance, torment resistance 1, petrification resistance
a: no special abilities


You were on level 2 of the Dungeon.
You visited 1 branch of the dungeon, and saw 2 of its levels.

You collected 78 gold pieces.

Inventory:

Hand Weapons
 a - a +0 flail (weapon)
Armour
 b - a +0 scale mail (worn)
 c - a +0 kite shield (worn)
Scrolls
 f - a scroll of fog {unknown}
 h - a scroll of vulnerability {unknown}
 i - 2 scrolls of identify {unknown}
Potions
 e - a potion of flight {unknown}
 g - a potion of lignification {unknown}
 j - a potion of ambrosia {unknown}


   Skills:
 - Level 3.2 Fighting
 + Level 4.8 Maces & Flails
 - Level 3.2 Armour
 - Level 3.2 Shields


You had 3 spell levels left.
You didn't know any spells.
Your spell library contained the following spells:

 Spells                   Type           Power      Damage    Failure   Level
 Magic Dart               Conj           0%         1d3       99%         1
 Searing Ray              Conj           0%         3d3       100%        2
 Dazzling Flash           Conj/Hex       0%         N/A       100%        3
 Fulminant Prism          Conj/Hex       0%         3d6       100%        4
 Iskenderun's Mystic Bla  Conj/Tloc      0%         2d3       100%        4


Dungeon Overview and Level Annotations

Branches:
Dungeon (2/15)

Altars:

Annotations:
D:2 Natasha, Robin, Sigmund


Innate Abilities, Weirdness & Mutations

You are immune to sickness and miasma.
Your stone body is resilient. (AC +3)
You are immune to poison.
You resist negative energy. (rN+)
You are resistant to electric shocks. (rElec)
You are resistant to unholy torment.
You are immune to petrification.


Message History

Robin is lightly wounded.
Robin barely misses you.
You hit Robin but do no damage.
Robin is lightly wounded.
Robin roars a battlecry!
Natasha casts a spell.
You block Robin's attack.
You feel very mighty all of a sudden.
Robin hits you with a +2 short sword of electrocution.
The crimson imp blinks!
You thump Robin!
Robin is severely wounded.
The crimson imp blinks!
Robin barely misses you. Something hits you but does no damage.
You block the crimson imp's attack. x2
You barely miss Robin.
Robin is severely wounded.
The goblin no longer looks unusually strong.
You block Robin's attack. Something hits you but does no damage.
The crimson imp hits you but does no damage. x2
Robin hits you but does no damage. Something hits you.
You barely miss Robin.
Robin is severely wounded.
The crimson imp blinks!
You block the crimson imp's attack. You block Robin's attack.
Something hits you.
* * * LOW HITPOINT WARNING * * *
The crimson imp completely misses you.
You hit Robin.
Robin is almost dead.
Robin flexes a bicep menacingly.
Robin roars a battlecry!
The goblin goes into a battle-frenzy!
Something hits you!
* * * LOW HITPOINT WARNING * * *
The crimson imp hits you but does no damage.
Robin barely misses you.
The crimson imp hits you but does no damage.
Your scale mail prevents you from hitting Robin.
Robin is almost dead.
The crimson imp hits you but does no damage.
Robin hits you with a +2 short sword of electrocution.
You die...

#.####.#####5.÷.####...#
## #.# #.#
##.#####....####. #.# #.#
#.h# #...#..... #.# #.#
##.## ###......... #.#
#.# #g.####.....#.....
#.#
#.###{###...#...#.....
#.#
#..5h.#...#######.....
#.####..###g.###
#........ #.##....##@5##
#.####### #.##.......##
#.# #.##...#..#### ###.#
#.##.........# #...#
#.##.......#.####.###
#.##...###....<...#
#.##...# ##...#####
#.##...####..........
#####.#........#.........


You could see Robin and a crimson imp (summoned).

Vanquished Creatures
  Jessica (D:2)
  Natasha (D:2)
  An adder (D:2)
  A dart slug (D:1)
  3 ball pythons
  7 bats
  2 endoplasms
  A giant cockroach (D:2)
  3 hobgoblins
  2 jackals (D:2)
  A kobold (D:1)
  3 quokkas
  A frilled lizard (D:1)
  10 goblins
  3 rats (D:1)
40 creatures vanquished.

Vanquished Creatures (others)
  4 fungi (D:1)
  A plant (D:1)
5 creatures vanquished.

Grand Total: 45 creatures vanquished

Notes
Turn   | Place    | Note
-------+----------+-------------------------------------------
     0 | D:1      | polve the Gargoyle Fighter began the quest for the Orb.
     0 | D:1      | Reached XP level 1. HP: 14/14 MP: 1/1
    78 | D:1      | Reached XP level 2. HP: 8/19 MP: 2/2
   388 | D:1      | Reached skill level 3 in Maces & Flails
   659 | D:1      | Found a faded altar of an unknown god.
  1124 | D:2      | Reached XP level 3. HP: 23/23 MP: 3/3
  1530 | D:2      | Noticed Jessica
  1534 | D:2      | Killed Jessica
  1535 | D:2      | Reached skill level 4 in Maces & Flails
  1535 | D:2      | Reached XP level 4. HP: 28/28 MP: 4/4
  1575 | D:2      | Noticed Natasha
  1582 | D:2      | Killed Natasha
  1663 | D:2      | Noticed Sigmund
  1663 | D:2      | Noticed Robin
  1667 | D:2      | Noticed Natasha
  1718 | D:2      | HP: 1/28 [something (7)]
  1720 | D:2      | Slain by Robin

Illustrated notes

Levels and vault maps discovered:
D:1:      lightli_arrival_quake, layout_loops_ring,
          shapermc_ecumenical_altar_mp_urbaneastern
D:2:      layout_rooms, minmay_strange_pillars, uniq_sigmund, uniq_natasha,
          uniq_robin, uniq_jessica

Skill      XL: |  1  2  3 |
---------------+----------+-----
Maces & Flails | 3 4 |  4.8
Fighting       | |  3.2
Armour         | |  3.2
Shields        | |  3.2

Action                   |  1- 3 |  4- 6 || total
-------------------------+-------+-------++-------
Melee: Flail             |   129 |    32 ||   161
  Use: Potion            |       |     1 ||     1
Armor: Scale mail        |    77 |    23 ||   100
Dodge: Dodged            |    43 |    16 ||    59
Block: Kite shield       |    64 |    29 ||    93

Table legend: (Time is in decaauts)
 A = Elapsed time spent in this place.
 B = Non-inter-level travel time spent in this place.
 C = Inter-level travel time spent in this place.
 D = Time resting spent in this place.
 E = Time spent auto-exploring this place.
 F = Levels seen in this place.
 G = Mean time per level.
                   A        B        C        D        E       F      G
               +--------+--------+--------+--------+--------+-----+--------+
         Total |   1804 |   1789 |     15 |      0 |   1403 |   2 |  902.0 |
       Dungeon |   1804 |   1789 |     15 |      0 |   1403 |   2 |  902.0 |
               +--------+--------+--------+--------+--------+-----+--------+

Top non-repeatable levels by time:
     D:1: 1161 daAuts
     D:2: 643 daAuts
